Capitals vs Devils

Created - 16 octobre 2017 at 17:16

Goals
1 2 3 T
Capitals 0 1 1 2
Devils 2 2 0 4
Shots
1 2 3 T
Capitals 9 8 11 28
Devils 9 14 2 25

1st period

1. Devils , Justin Schultz 2 (Mike Cammalleri 2, Jordan Staal 3) at 9:15 (PP)
2. Devils , Scott Wilson 1 (Justin Schultz 5, Shayne Gostisbehere 3) at 17:28

Penalties :
Jordan Staal (NJD) for Hooking (Minor) at 0:28, Pavel Zacha (NJD) for Tripping (Minor) at 5:51, Dmitri Orlov (WSH) for Interference (Minor) at 9:09, Justin Schultz (NJD) for Holding (Minor) at 13:10, Andrew Desjardins (WSH) for Hooking (Minor) at 18:38

2nd period

3. Capitals , Andrew Desjardins 1 (Mathieu Perreault 6, Mike Green 7) at 2:58
4. Devils , Mike Cammalleri 3 (Jordan Staal 4, Dustin Brown 1) at 4:31
5. Devils , Mike Cammalleri 4 (Jordan Staal 5, Dustin Brown 2) at 14:05

Penalties :
Derek Dorsett (WSH) for Interference (Minor) at 4:40

3rd period

6. Capitals , Ryan Kesler 4 (Ryan McDonagh 3, Taylor Hall 2) at 7:49

Penalties :
Scott Wilson (NJD) for High sticking (Minor) at 8:35, Justin Schultz (NJD) for Cross-checking (Minor) at 17:31

Goalie Stats

Cam Ward (WSH), 21 saves from 25 shots - (0.840), L, 5-2-0, 60:00 minutes
Jon Gillies (NJD), 26 saves from 28 shots - (0.929), W, 1-0-0, 60:00 minutes

Players Stats for Capitals

Player Name              G  A  P  +/- PIM S  H  SB GA TA FO     MP     PP MP  PK MP  
------------------------------------------------------------------------------------
Alexander Ovechkin       0  0  0   0  0   2  4  0  0  0  0/1    24:26   5:19   1:08 
Andrew Desjardins        1  0  1   0  2   3  0  0  0  0  0/0    13:23   0:00   0:00 
Calvin de Haan           0  0  0   1  0   0  1  0  0  0  0/0    20:32   4:21   1:04 
Cody Eakin               0  0  0  -1  0   4  2  0  0  0  1/5    18:37   4:36   0:00 
David Desharnais         0  0  0   0  0   3  0  0  0  0  2/3    18:54   4:36   0:50 
Derek Dorsett            0  0  0  -1  2   0  1  0  0  0  0/0    12:44   0:00   0:00 
Dmitri Orlov             0  0  0  -2  2   1  1  0  0  0  0/0    12:34   0:00   0:00 
Jack Johnson             0  0  0   0  0   1  0  2  0  0  0/0    23:21   5:34   2:46 
Lukas Sedlak             0  0  0  -1  0   1  0  0  0  0  8/10   12:42   0:00   0:00 
Mathieu Perreault        0  1  1   0  0   2  2  1  0  0  8/19   22:18   4:36   2:56 
Mike Blunden             0  0  0   0  0   0  0  0  0  0  0/0     0:34   0:00   0:00 
Mike Green               0  1  1   1  0   5  2  0  0  0  0/0    20:46   4:21   1:18 
Morgan Rielly            0  0  0  -2  0   0  1  3  0  0  0/0    12:49   0:00   0:14 
Ryan Kesler              1  0  1   0  0   1  3  0  0  0  20/37  27:34   5:19   2:24 
Ryan McDonagh            0  1  1   0  0   0  2  2  0  0  0/0    26:39   5:34   2:46 
Ryan Murphy              0  0  0   0  0   0  0  0  0  0  0/0     3:18   0:00   0:00 
Sergey Kalinin           0  0  0   0  0   0  0  0  0  0  0/0     0:00   0:00   0:00 
Taylor Hall              0  1  1   0  0   5  1  0  0  0  1/3    24:42   5:19   0:50 

Players Stats for Devils

Player Name              G  A  P  +/- PIM S  H  SB GA TA FO     MP     PP MP  PK MP  
------------------------------------------------------------------------------------
Ales Hemsky              0  0  0   0  0   1  0  0  0  0  0/0     9:51   0:00   0:00 
Anton Stralman           0  0  0   1  0   3  1  1  0  0  0/0    22:58   2:07   5:11 
Boyd Gordon              0  0  0   0  0   0  0  0  0  0  10/18  12:26   0:00   2:35 
Chris Terry              0  0  0   0  0   0  2  0  0  0  0/0     8:30   0:00   0:49 
Dougie Hamilton          0  0  0   1  0   1  2  3  0  0  0/0    22:46   2:07   4:59 
Drew Stafford            0  0  0   0  0   0  1  0  0  0  0/0    15:34   2:16   0:07 
Dustin Brown             0  2  2   1  0   4  1  2  0  0  1/2    22:19   1:48   5:13 
Jordan Staal             0  3  3   1  2   4  5  0  0  0  17/31  22:12   1:48   5:07 
Justin Schultz           1  1  2   2  4   1  3  1  0  0  0/0    20:08   1:57   2:58 
Mike Cammalleri          2  1  3   1  0   5  0  0  0  0  1/1    20:15   1:48   3:09 
Nikolay Kulemin          0  0  0   0  0   1  1  1  0  0  1/2    18:12   2:16   2:45 
Pavel Zacha              0  0  0   0  2   1  1  0  0  0  7/19   15:38   2:16   0:12 
Roman Lyubimov           0  0  0   0  0   0  0  0  0  0  1/5     7:41   0:00   0:00 
Ryan Pulock              0  0  0  -2  0   0  1  3  0  0  0/0    16:28   0:00   1:08 
Scott Wilson             1  0  1   0  2   2  2  0  0  0  0/0     9:50   0:00   0:00 
Shawn Thornton           0  0  0   0  0   0  0  0  0  0  0/0     7:41   0:00   0:00 
Shayne Gostisbehere      0  1  1   2  0   1  1  0  0  0  0/0    22:01   1:57   5:03 
Steven Kampfer           0  0  0  -2  0   1  3  0  0  0  0/0    15:30   0:00   0:24 

3 Stars

1 - Mike Cammalleri (NJD)
2 - Jordan Staal (NJD)
3 - Justin Schultz (NJD)

Power Play

Capitals - 0 on 5 Attempt(s) - 0.00%
Devils - 1 on 3 Attempt(s) - 33.33%

Penalty Kill

Capitals - 2 on 3 Attempt(s) - 66.67% - Score 0 goal in Penalty Kill
Devils - 5 on 5 Attempt(s) - 100.00% - Score 0 goal in Penalty Kill

Team Stat

Capitals - Hits : 20 - Faceoff Wins : 40 - Blocked Shots : 8 - Penalty Minutes : 6
Devils - Hits : 24 - Faceoff Wins : 38 - Blocked Shots : 11 - Penalty Minutes : 10

Official

Referees : Graham Skiliter and Dean Morton
Linesman : Kiel Murchison and Lonnie Cameron

Game Notes

No Game Note

Finance

Level 1 -- Attendance: 6000 (100.00%) -- Ticket Income 684 000 $
Level 2 -- Attendance: 3554 (71.08%) -- Ticket Income 302 090 $
Level 3 -- Attendance: 1817 (90.85%) -- Ticket Income 152 628 $
Level 4 -- Attendance: 3244 (89.49%) -- Ticket Income 71 368 $
Luxury Box -- Attendance: 857 (85.70%) -- Ticket Income 195 396 $
Game was played at the Prudential Center.
Total Attendance: 15472 (87.78%)
Total Ticket Income: 1 405 482 $
Other Income: 210 822 $
Total Income: 1 616 304 $

% Time on Ice - Capitals

Lines # - Real PCT - Wanted PCT - Time Play
Normal Forward
1 - 38% - 40% - 17:40
2 - 29% - 30% - 13:28
3 - 28% - 20% - 12:42
4 - 5% - 10% - 2:11
Normal Defense
1 - 33% - 40% - 15:01
2 - 33% - 30% - 15:07
3 - 27% - 20% - 12:35
4 - 7% - 10% - 3:18
PP Forward
1 - 54% - 60% - 5:19
2 - 46% - 40% - 4:36
PP Defense
1 - 56% - 60% - 5:34
2 - 44% - 40% - 4:21
PK Forward
1 - 80% - 60% - 3:14
2 - 20% - 40% - 0:50
PK Defense
1 - 68% - 60% - 2:46
2 - 32% - 40% - 1:18
PK3 Forward
1 - 0% - 60%
2 - 0% - 40%
PK3 Defense
1 - 0% - 60%
2 - 0% - 40%
44 Forward
1 - 0% - 60%
2 - 0% - 40%
44 Defense
1 - 0% - 60%
2 - 0% - 40%
Last Minute Offensive  - 0:00
Last Minute Defensive  - 0:00
Total
Forward - 60:00
Defense - 60:00

% Time on Ice - Devils

Lines # - Real PCT - Wanted PCT - Time Play
Normal Forward
1 - 33% - 40% - 15:18
2 - 29% - 30% - 13:11
3 - 21% - 20% - 9:51
4 - 17% - 10% - 7:41
Normal Defense
1 - 34% - 35% - 15:40
2 - 33% - 33% - 15:15
3 - 33% - 32% - 15:06
4 - 0% - 0% - 0:00
PP Forward
1 - 44% - 50% - 1:48
2 - 56% - 50% - 2:16
PP Defense
1 - 52% - 60% - 2:07
2 - 48% - 40% - 1:57
PK Forward
1 - 68% - 60% - 6:46
2 - 32% - 40% - 3:09
PK Defense
1 - 49% - 60% - 4:52
2 - 51% - 40% - 5:03
PK3 Forward
1 - 0% - 60%
2 - 0% - 40%
PK3 Defense
1 - 0% - 60%
2 - 0% - 40%
44 Forward
1 - 0% - 60%
2 - 0% - 40%
44 Defense
1 - 0% - 60%
2 - 0% - 40%
Last Minute Offensive  - 0:00
Last Minute Defensive  - 0:00
Total
Forward - 60:00
Defense - 60:00

Play by Play

1st period


0:01 of 1st period - Jordan Staal wins face-off versus Ryan Kesler in neutral zone.
0:28 of 1st period - Minor Penalty to Jordan Staal for Hooking.
0:29 of 1st period - Mathieu Perreault wins face-off versus Boyd Gordon in Devils zone.
0:52 of 1st period - Shot by David Desharnais.
0:52 of 1st period - Stopped by Jon Gillies with a rebound.
0:54 of 1st period - Shot by Mike Green.
0:54 of 1st period - Shot Misses the Net.
0:56 of 1st period - Shot by Cody Eakin.
0:56 of 1st period - Shot Misses the Net.
0:58 of 1st period - Shot by Cody Eakin.
0:58 of 1st period - Stopped by Jon Gillies with a rebound.
1:00 of 1st period - Shot by Mike Green.
1:00 of 1st period - Shot Blocked by Dougie Hamilton.
1:02 of 1st period - Shot by Mike Green.
1:02 of 1st period - Stopped by Jon Gillies with a rebound.
1:35 of 1st period - Shot by Ryan Kesler.
1:35 of 1st period - Shot Misses the Net.
1:37 of 1st period - Shot by Jack Johnson.
1:37 of 1st period - Stopped by Jon Gillies without a rebound.
1:38 of 1st period - Ryan Kesler wins face-off versus Boyd Gordon in Devils zone.
1:53 of 1st period - Shot by Alexander Ovechkin.
1:53 of 1st period - Shot Blocked by Dustin Brown.
2:44 of 1st period - Shot by Chris Terry.
2:44 of 1st period - Shot Misses the Net.
3:39 of 1st period - Nikolay Kulemin is hit by Mike Green and loses puck.
3:51 of 1st period - Icing by Anton Stralman.
3:52 of 1st period - Boyd Gordon wins face-off versus Alexander Ovechkin in Devils zone.
3:59 of 1st period - Shot by Dougie Hamilton.
3:59 of 1st period - Stopped by Cam Ward without a rebound.
4:00 of 1st period - Jordan Staal wins face-off versus Ryan Kesler in Capitals zone.
4:29 of 1st period - Shot by Mike Cammalleri.
4:29 of 1st period - Shot Misses the Net.
4:31 of 1st period - Shot by Jordan Staal.
4:31 of 1st period - Stopped by Cam Ward without a rebound.
4:32 of 1st period - Boyd Gordon wins face-off versus Mathieu Perreault in Capitals zone.
4:38 of 1st period - Ales Hemsky is hit by Calvin de Haan and loses puck.
4:46 of 1st period - Icing by Mike Green.
4:47 of 1st period - Mathieu Perreault wins face-off versus Pavel Zacha in Capitals zone.
4:56 of 1st period - Icing by Ryan Pulock.
4:57 of 1st period - Pavel Zacha wins face-off versus Ryan Kesler in Devils zone.
5:23 of 1st period - Ryan Kesler is hit by Drew Stafford and loses puck.
5:29 of 1st period - Ryan McDonagh is hit by Steven Kampfer and loses puck.
5:51 of 1st period - Minor Penalty to Pavel Zacha for Tripping.
5:52 of 1st period - David Desharnais wins face-off versus Jordan Staal in Devils zone.
5:52 of 1st period - David Desharnais is hit by Dougie Hamilton.
6:16 of 1st period - Shot by Calvin de Haan.
6:16 of 1st period - Shot Misses the Net.
6:18 of 1st period - Shot by Mike Green.
6:18 of 1st period - Stopped by Jon Gillies without a rebound.
6:19 of 1st period - Ryan Kesler wins face-off versus Dustin Brown in Devils zone.
6:24 of 1st period - Shot by Taylor Hall.
6:24 of 1st period - Shot Misses the Net.
6:26 of 1st period - Shot by Ryan McDonagh.
6:26 of 1st period - Shot Misses the Net.
6:28 of 1st period - Shot by Taylor Hall.
6:28 of 1st period - Stopped by Jon Gillies without a rebound.
6:29 of 1st period - Jordan Staal wins face-off versus Mathieu Perreault in Devils zone.
7:39 of 1st period - Shot by Alexander Ovechkin.
7:39 of 1st period - Shot Misses the Net.
8:03 of 1st period - Shot by Chris Terry.
8:03 of 1st period - Deflect By Shawn Thornton.
8:03 of 1st period - Shot Blocked by Morgan Rielly.
8:09 of 1st period - Shot by Dmitri Orlov.
8:09 of 1st period - Stopped by Jon Gillies without a rebound.
8:10 of 1st period - Boyd Gordon wins face-off versus Mathieu Perreault in Devils zone.
8:20 of 1st period - Shot by Ales Hemsky.
8:20 of 1st period - Shot Blocked by Mathieu Perreault.
8:22 of 1st period - Shot by Shayne Gostisbehere.
8:22 of 1st period - Stopped by Cam Ward without a rebound.
8:23 of 1st period - Lukas Sedlak wins face-off versus Roman Lyubimov in Capitals zone.
8:52 of 1st period - Anton Stralman is hit by Morgan Rielly and loses puck.
9:09 of 1st period - Minor Penalty to Dmitri Orlov for Interference.
9:10 of 1st period - Jordan Staal wins face-off versus Mathieu Perreault in Capitals zone.
9:15 of 1st period - Shot by Justin Schultz.
9:15 of 1st period - Goal by Justin Schultz - Capitals : 0 - Devils : 1.
9:16 of 1st period - Ryan Kesler wins face-off versus Jordan Staal in neutral zone.
9:58 of 1st period - Dustin Brown is hit by Alexander Ovechkin and loses puck.
10:06 of 1st period - Icing by Shayne Gostisbehere.
10:07 of 1st period - David Desharnais wins face-off versus Jordan Staal in Devils zone.
10:11 of 1st period - Icing by Justin Schultz.
10:12 of 1st period - Jordan Staal wins face-off versus Mathieu Perreault in Devils zone.
10:33 of 1st period - Ryan McDonagh is hit by Dougie Hamilton and loses puck.
10:46 of 1st period - Shot by Mathieu Perreault.
10:46 of 1st period - Shot Misses the Net.
11:04 of 1st period - Icing by Morgan Rielly.
11:05 of 1st period - Boyd Gordon wins face-off versus Lukas Sedlak in Capitals zone.
11:05 of 1st period - Scott Wilson is hit by Dmitri Orlov and loses puck.
11:18 of 1st period - Shot by Derek Dorsett.
11:18 of 1st period - Shot Misses the Net.
11:20 of 1st period - Shot by Lukas Sedlak.
11:20 of 1st period - Shot Misses the Net.
11:28 of 1st period - Ryan Pulock is hit by Derek Dorsett and loses puck.
11:44 of 1st period - Off-side.
11:45 of 1st period - Ryan Kesler wins face-off versus Jordan Staal in neutral zone.
12:06 of 1st period - Shot by Dustin Brown.
12:06 of 1st period - Stopped by Cam Ward without a rebound.
12:07 of 1st period - Mathieu Perreault wins face-off versus Pavel Zacha in Capitals zone.
12:07 of 1st period - Mathieu Perreault is hit by Pavel Zacha.
13:08 of 1st period - Icing by Justin Schultz.
13:09 of 1st period - Lukas Sedlak wins face-off versus Jordan Staal in Devils zone.
13:09 of 1st period - Lukas Sedlak is hit by Justin Schultz.
13:10 of 1st period - Minor Penalty to Justin Schultz for Holding.
13:11 of 1st period - Jordan Staal wins face-off versus Ryan Kesler in Devils zone.
13:37 of 1st period - Shot by Ryan McDonagh.
13:37 of 1st period - Shot Blocked by Dustin Brown.
13:39 of 1st period - Shot by Jack Johnson.
13:39 of 1st period - Shot Misses the Net.
13:41 of 1st period - Shot by Alexander Ovechkin.
13:41 of 1st period - Shot Hit the Post.
13:43 of 1st period - Shot by Ryan McDonagh.
13:43 of 1st period - Shot Misses the Net.
13:45 of 1st period - Shot by Jack Johnson.
13:45 of 1st period - Shot Hit the Post.
14:32 of 1st period - Shot by Mike Green.
14:32 of 1st period - Shot Misses the Net.
14:34 of 1st period - Shot by Cody Eakin.
14:34 of 1st period - Stopped by Jon Gillies without a rebound.
14:35 of 1st period - Jordan Staal wins face-off versus Taylor Hall in Devils zone.
14:43 of 1st period - Icing by Alexander Ovechkin.
14:44 of 1st period - Ryan Kesler wins face-off versus Jordan Staal in Capitals zone.
15:19 of 1st period - Shot by Cody Eakin.
15:19 of 1st period - Stopped by Jon Gillies without a rebound.
15:20 of 1st period - Boyd Gordon wins face-off versus Mathieu Perreault in Devils zone.
15:20 of 1st period - Boyd Gordon is hit by Mathieu Perreault.
15:31 of 1st period - Scott Wilson is hit by Ryan McDonagh and loses puck.
15:35 of 1st period - Icing by David Desharnais.
15:36 of 1st period - Pavel Zacha wins face-off versus Mathieu Perreault in Capitals zone.
16:34 of 1st period - Icing by Mike Cammalleri.
16:35 of 1st period - Jordan Staal wins face-off versus Ryan Kesler in Devils zone.
16:50 of 1st period - Shot by Mike Cammalleri.
16:50 of 1st period - Stopped by Cam Ward with a rebound.
16:52 of 1st period - Shot by Steven Kampfer.
16:52 of 1st period - Stopped by Cam Ward without a rebound.
16:53 of 1st period - Lukas Sedlak wins face-off versus Boyd Gordon in Capitals zone.
16:53 of 1st period - Lukas Sedlak is hit by Scott Wilson.
17:22 of 1st period - Shot by Boyd Gordon.
17:22 of 1st period - Shot Blocked by Morgan Rielly.
17:28 of 1st period - Shot by Scott Wilson.
17:28 of 1st period - Goal by Scott Wilson - Capitals : 0 - Devils : 2.
17:29 of 1st period - Jordan Staal wins face-off versus Ryan Kesler in neutral zone.
18:11 of 1st period - Ryan Kesler is hit by Anton Stralman.
18:38 of 1st period - Minor Penalty to Andrew Desjardins for Hooking.
18:39 of 1st period - Nikolay Kulemin wins face-off versus David Desharnais in Capitals zone.
18:52 of 1st period - Shot by Nikolay Kulemin.
18:52 of 1st period - Shot Misses the Net.
18:56 of 1st period - Shot by Nikolay Kulemin.
18:56 of 1st period - Shot Misses the Net.
18:58 of 1st period - Shot by Shayne Gostisbehere.
18:58 of 1st period - Shot Misses the Net.
19:00 of 1st period - Shot by Drew Stafford.
19:00 of 1st period - Deflect By Nikolay Kulemin.
19:00 of 1st period - Shot Misses the Net.
19:02 of 1st period - Shot by Shayne Gostisbehere.
19:02 of 1st period - Deflect By Drew Stafford.
19:02 of 1st period - Shot Blocked by Jack Johnson.
19:04 of 1st period - Shot by Shayne Gostisbehere.
19:04 of 1st period - Shot Misses the Net.
19:06 of 1st period - Shot by Shayne Gostisbehere.
19:06 of 1st period - Shot Misses the Net.
19:42 of 1st period - Shot by Mike Cammalleri.
19:42 of 1st period - Deflect By Jordan Staal.
19:42 of 1st period - Stopped by Cam Ward without a rebound.
19:43 of 1st period - Ryan Kesler wins face-off versus Pavel Zacha in Capitals zone.
Goals for this period are 0 for Capitals vs 2 for Devils.
Shots for this period are 9 for Capitals vs 9 for Devils.

2nd period


0:01 of 2nd period - Jordan Staal wins face-off versus Ryan Kesler in neutral zone.
0:26 of 2nd period - Shot by Anton Stralman.
0:26 of 2nd period - Stopped by Cam Ward without a rebound.
0:27 of 2nd period - Ryan Kesler wins face-off versus Pavel Zacha in Capitals zone.
1:04 of 2nd period - Shot by Scott Wilson.
1:04 of 2nd period - Stopped by Cam Ward without a rebound.
1:05 of 2nd period - Ryan Kesler wins face-off versus Jordan Staal in Capitals zone.
1:05 of 2nd period - Ryan Kesler is hit by Jordan Staal.
1:32 of 2nd period - Jack Johnson is hit by Jordan Staal and loses puck.
2:11 of 2nd period - Shot by Drew Stafford.
2:11 of 2nd period - Shot Misses the Net.
2:13 of 2nd period - Shot by Nikolay Kulemin.
2:13 of 2nd period - Shot Blocked by Ryan McDonagh.
2:23 of 2nd period - Shot by Drew Stafford.
2:23 of 2nd period - Shot Misses the Net.
2:30 of 2nd period - Icing by Ryan Kesler.
2:31 of 2nd period - Boyd Gordon wins face-off versus Ryan Kesler in Capitals zone.
2:34 of 2nd period - Shot by Ales Hemsky.
2:34 of 2nd period - Shot Misses the Net.
2:36 of 2nd period - Shot by Boyd Gordon.
2:36 of 2nd period - Deflect By Ales Hemsky.
2:36 of 2nd period - Stopped by Cam Ward without a rebound.
2:37 of 2nd period - Boyd Gordon wins face-off versus Mathieu Perreault in Capitals zone.
2:56 of 2nd period - Shot by Mathieu Perreault.
2:56 of 2nd period - Stopped by Jon Gillies with a rebound.
2:58 of 2nd period - Shot by Andrew Desjardins.
2:58 of 2nd period - Goal by Andrew Desjardins - Capitals : 1 - Devils : 2.
2:59 of 2nd period - Cody Eakin wins face-off versus Jordan Staal in neutral zone.
3:24 of 2nd period - Shot by Cody Eakin.
3:24 of 2nd period - Stopped by Jon Gillies without a rebound.
3:25 of 2nd period - Mathieu Perreault wins face-off versus Pavel Zacha in Devils zone.
3:26 of 2nd period - Shot by Mike Green.
3:26 of 2nd period - Stopped by Jon Gillies without a rebound.
3:27 of 2nd period - Mathieu Perreault wins face-off versus Pavel Zacha in Devils zone.
4:01 of 2nd period - Shot by Andrew Desjardins.
4:01 of 2nd period - Stopped by Jon Gillies without a rebound.
4:02 of 2nd period - Jordan Staal wins face-off versus Ryan Kesler in Devils zone.
4:19 of 2nd period - Shot by Dustin Brown.
4:19 of 2nd period - Stopped by Cam Ward with a rebound.
4:21 of 2nd period - Shot by Dustin Brown.
4:21 of 2nd period - Shot Misses the Net.
4:23 of 2nd period - Shot by Dustin Brown.
4:23 of 2nd period - Shot Misses the Net.
4:31 of 2nd period - Shot by Mike Cammalleri.
4:31 of 2nd period - Goal by Mike Cammalleri - Capitals : 1 - Devils : 3.
4:32 of 2nd period - Lukas Sedlak wins face-off versus Boyd Gordon in neutral zone.
4:40 of 2nd period - Minor Penalty to Derek Dorsett for Interference.
4:41 of 2nd period - Pavel Zacha wins face-off versus Ryan Kesler in Capitals zone.
4:41 of 2nd period - Pavel Zacha is hit by Mike Green.
4:43 of 2nd period - Shot by Anton Stralman.
4:43 of 2nd period - Shot Misses the Net.
4:45 of 2nd period - Shot by Nikolay Kulemin.
4:45 of 2nd period - Stopped by Cam Ward without a rebound.
4:46 of 2nd period - Pavel Zacha wins face-off versus Mathieu Perreault in Capitals zone.
4:47 of 2nd period - Shot by Drew Stafford.
4:47 of 2nd period - Shot Blocked by Ryan McDonagh.
5:34 of 2nd period - Icing by Justin Schultz.
5:35 of 2nd period - Jordan Staal wins face-off versus Ryan Kesler in Devils zone.
5:35 of 2nd period - Jordan Staal is hit by Ryan Kesler.
6:12 of 2nd period - Shot by Dustin Brown.
6:12 of 2nd period - Stopped by Cam Ward without a rebound.
6:13 of 2nd period - Ryan Kesler wins face-off versus Pavel Zacha in Capitals zone.
6:24 of 2nd period - Shot by Nikolay Kulemin.
6:24 of 2nd period - Shot Blocked by Jack Johnson.
7:39 of 2nd period - Shot by Mike Green.
7:39 of 2nd period - Stopped by Jon Gillies without a rebound.
7:40 of 2nd period - Jordan Staal wins face-off versus Mathieu Perreault in Devils zone.
8:03 of 2nd period - Shot by Mathieu Perreault.
8:03 of 2nd period - Shot Blocked by Dougie Hamilton.
8:18 of 2nd period - Icing by Dustin Brown.
8:19 of 2nd period - Jordan Staal wins face-off versus Ryan Kesler in Devils zone.
8:19 of 2nd period - Jordan Staal is hit by Ryan Kesler.
9:06 of 2nd period - Mike Cammalleri is hit by Ryan Kesler and loses puck.
11:04 of 2nd period - Shot by Scott Wilson.
11:04 of 2nd period - Shot Blocked by Morgan Rielly.
11:24 of 2nd period - Shot by Nikolay Kulemin.
11:24 of 2nd period - Shot Misses the Net.
11:26 of 2nd period - Shot by Pavel Zacha.
11:26 of 2nd period - Stopped by Cam Ward without a rebound.
11:27 of 2nd period - Roman Lyubimov wins face-off versus Taylor Hall in Capitals zone.
11:42 of 2nd period - Shot by Anton Stralman.
11:42 of 2nd period - Shot Misses the Net.
11:44 of 2nd period - Shot by Anton Stralman.
11:44 of 2nd period - Stopped by Cam Ward with a rebound.
11:46 of 2nd period - Shot by Dougie Hamilton.
11:46 of 2nd period - Deflect By Chris Terry.
11:46 of 2nd period - Shot Misses the Net.
11:48 of 2nd period - Shot by Anton Stralman.
11:48 of 2nd period - The goal is going for a video replay.
11:48 of 2nd period - The goal is refused.
11:49 of 2nd period - Lukas Sedlak wins face-off versus Jordan Staal in Capitals zone.
12:12 of 2nd period - Shot by Dustin Brown.
12:12 of 2nd period - Deflect By Mike Cammalleri.
12:12 of 2nd period - Stopped by Cam Ward without a rebound.
12:13 of 2nd period - Ryan Kesler wins face-off versus Boyd Gordon in Capitals zone.
12:19 of 2nd period - Icing by Taylor Hall.
12:20 of 2nd period - Pavel Zacha wins face-off versus Ryan Kesler in Capitals zone.
12:20 of 2nd period - Justin Schultz is hit by Ryan McDonagh and loses puck.
12:34 of 2nd period - Taylor Hall is hit by Shayne Gostisbehere.
13:53 of 2nd period - Shot by Mike Cammalleri.
13:53 of 2nd period - Stopped by Cam Ward with a rebound.
13:55 of 2nd period - Shot by Anton Stralman.
13:55 of 2nd period - Shot Misses the Net.
14:03 of 2nd period - Shot by Jordan Staal.
14:03 of 2nd period - Stopped by Cam Ward with a rebound.
14:05 of 2nd period - Shot by Mike Cammalleri.
14:05 of 2nd period - Goal by Mike Cammalleri - Capitals : 1 - Devils : 4.
14:06 of 2nd period - Ryan Kesler wins face-off versus Boyd Gordon in neutral zone.
14:59 of 2nd period - Shot by David Desharnais.
14:59 of 2nd period - Stopped by Jon Gillies with a rebound.
16:45 of 2nd period - Shot by Lukas Sedlak.
16:45 of 2nd period - Stopped by Jon Gillies without a rebound.
16:46 of 2nd period - Ryan Kesler wins face-off versus Boyd Gordon in Devils zone.
17:51 of 2nd period - Icing by Ryan Kesler.
17:52 of 2nd period - Ryan Kesler wins face-off versus Roman Lyubimov in Capitals zone.
18:18 of 2nd period - Cody Eakin is hit by Justin Schultz and loses puck.
19:10 of 2nd period - Shot by Mathieu Perreault.
19:10 of 2nd period - Shot Blocked by Justin Schultz.
Goals for this period are 1 for Capitals vs 2 for Devils.
Shots for this period are 8 for Capitals vs 14 for Devils.

3rd period


0:01 of 3rd period - Jordan Staal wins face-off versus Cody Eakin in neutral zone.
0:11 of 3rd period - Icing by Jack Johnson.
0:12 of 3rd period - Pavel Zacha wins face-off versus Cody Eakin in Capitals zone.
0:25 of 3rd period - Shot by Cody Eakin.
0:25 of 3rd period - Shot Misses the Net.
0:43 of 3rd period - Shot by Cody Eakin.
0:43 of 3rd period - Shot Misses the Net.
0:47 of 3rd period - Shot by Ryan Kesler.
0:47 of 3rd period - Shot Blocked by Dougie Hamilton.
0:49 of 3rd period - Shot by Jack Johnson.
0:49 of 3rd period - Shot Misses the Net.
2:44 of 3rd period - Icing by Ryan McDonagh.
2:45 of 3rd period - Lukas Sedlak wins face-off versus Roman Lyubimov in Capitals zone.
2:45 of 3rd period - Lukas Sedlak is hit by Chris Terry.
2:53 of 3rd period - Shot by Lukas Sedlak.
2:53 of 3rd period - Shot Hit the Post.
2:55 of 3rd period - Shot by Ryan McDonagh.
2:55 of 3rd period - Shot Blocked by Anton Stralman.
2:57 of 3rd period - Shot by Cody Eakin.
2:57 of 3rd period - Shot Misses the Net.
3:07 of 3rd period - Shot by Taylor Hall.
3:07 of 3rd period - Stopped by Jon Gillies without a rebound.
3:08 of 3rd period - Pavel Zacha wins face-off versus Ryan Kesler in Devils zone.
3:08 of 3rd period - Drew Stafford is hit by Alexander Ovechkin and loses puck.
4:18 of 3rd period - Shot by Jordan Staal.
4:18 of 3rd period - Stopped by Cam Ward without a rebound.
4:19 of 3rd period - Lukas Sedlak wins face-off versus Boyd Gordon in Capitals zone.
6:16 of 3rd period - Shot by Taylor Hall.
6:16 of 3rd period - Stopped by Jon Gillies without a rebound.
6:17 of 3rd period - Ryan Kesler wins face-off versus Nikolay Kulemin in Devils zone.
6:17 of 3rd period - Ryan Kesler is hit by Steven Kampfer.
6:39 of 3rd period - Shot by Ryan Kesler.
6:39 of 3rd period - Shot Misses the Net.
6:41 of 3rd period - Shot by Alexander Ovechkin.
6:41 of 3rd period - Stopped by Jon Gillies without a rebound.
6:42 of 3rd period - Boyd Gordon wins face-off versus Lukas Sedlak in Devils zone.
6:42 of 3rd period - Boyd Gordon is hit by Cody Eakin.
6:55 of 3rd period - Off-side.
6:56 of 3rd period - Ryan Kesler wins face-off versus Roman Lyubimov in neutral zone.
6:56 of 3rd period - Ryan Kesler is hit by Chris Terry.
7:04 of 3rd period - Shot by Taylor Hall.
7:04 of 3rd period - Stopped by Jon Gillies without a rebound.
7:05 of 3rd period - Dustin Brown wins face-off versus Ryan Kesler in Devils zone.
7:05 of 3rd period - Jordan Staal is hit by Alexander Ovechkin and loses puck.
7:18 of 3rd period - Shot by Ryan Kesler.
7:18 of 3rd period - Shot Blocked by Ryan Pulock.
7:49 of 3rd period - Shot by Ryan Kesler.
7:49 of 3rd period - Goal by Ryan Kesler - Capitals : 2 - Devils : 4.
7:50 of 3rd period - Lukas Sedlak wins face-off versus Pavel Zacha in neutral zone.
7:52 of 3rd period - Cody Eakin is hit by Nikolay Kulemin and loses puck.
8:35 of 3rd period - Minor Penalty to Scott Wilson for High sticking.
8:36 of 3rd period - Jordan Staal wins face-off versus Ryan Kesler in Devils zone.
8:36 of 3rd period - Jordan Staal is hit by Alexander Ovechkin.
9:00 of 3rd period - Dustin Brown is hit by Taylor Hall and loses puck.
9:10 of 3rd period - Icing by Ryan Kesler.
9:11 of 3rd period - Ryan Kesler wins face-off versus Jordan Staal in Capitals zone.
9:25 of 3rd period - Shot by Taylor Hall.
9:25 of 3rd period - Stopped by Jon Gillies with a rebound.
11:05 of 3rd period - Shot by Derek Dorsett.
11:05 of 3rd period - Shot Misses the Net.
11:07 of 3rd period - Shot by Andrew Desjardins.
11:07 of 3rd period - Stopped by Jon Gillies without a rebound.
11:08 of 3rd period - Boyd Gordon wins face-off versus Cody Eakin in Devils zone.
11:20 of 3rd period - Shot by Ryan Kesler.
11:20 of 3rd period - Shot Misses the Net.
11:54 of 3rd period - Mike Green is hit by Scott Wilson and loses puck.
11:58 of 3rd period - Icing by Calvin de Haan.
11:59 of 3rd period - Taylor Hall wins face-off versus Jordan Staal in Capitals zone.
11:59 of 3rd period - Taylor Hall is hit by Dustin Brown.
12:30 of 3rd period - Mike Green is hit by Jordan Staal and loses puck.
13:26 of 3rd period - Shot by Alexander Ovechkin.
13:26 of 3rd period - Deflect By Ryan Kesler.
13:26 of 3rd period - Shot Misses the Net.
13:28 of 3rd period - Shot by Taylor Hall.
13:28 of 3rd period - Shot Blocked by Nikolay Kulemin.
13:54 of 3rd period - Icing by Steven Kampfer.
13:55 of 3rd period - Mathieu Perreault wins face-off versus Pavel Zacha in Devils zone.
14:02 of 3rd period - Shot by David Desharnais.
14:02 of 3rd period - Stopped by Jon Gillies without a rebound.
14:03 of 3rd period - Boyd Gordon wins face-off versus Cody Eakin in Devils zone.
14:03 of 3rd period - Dougie Hamilton is hit by Mathieu Perreault and loses puck.
14:16 of 3rd period - Shot by Ales Hemsky.
14:16 of 3rd period - Shot Misses the Net.
15:15 of 3rd period - Icing by Mike Green.
15:16 of 3rd period - Mathieu Perreault wins face-off versus Jordan Staal in Capitals zone.
15:35 of 3rd period - Shot by Dustin Brown.
15:35 of 3rd period - Stopped by Cam Ward without a rebound.
15:36 of 3rd period - Ryan Kesler wins face-off versus Pavel Zacha in Capitals zone.
15:46 of 3rd period - Icing by Alexander Ovechkin.
15:47 of 3rd period - Ryan Kesler wins face-off versus Jordan Staal in Capitals zone.
15:47 of 3rd period - Ryan Kesler is hit by Jordan Staal.
15:50 of 3rd period - Ryan McDonagh is hit by Jordan Staal.
16:13 of 3rd period - Icing by Ryan Kesler.
16:14 of 3rd period - Ryan Kesler wins face-off versus Pavel Zacha in Capitals zone.
16:18 of 3rd period - Ryan McDonagh is hit by Ryan Pulock and loses puck.
17:07 of 3rd period - Shot by Cody Eakin.
17:07 of 3rd period - Shot Blocked by Ryan Pulock.
17:11 of 3rd period - Shot by Cody Eakin.
17:11 of 3rd period - Shot Blocked by Ryan Pulock.
17:14 of 3rd period - Cody Eakin is hit by Steven Kampfer.
17:30 of 3rd period - Shot by Mathieu Perreault.
17:30 of 3rd period - Stopped by Jon Gillies without a rebound.
17:31 of 3rd period - Mathieu Perreault wins face-off versus Jordan Staal in Devils zone.
17:31 of 3rd period - Minor Penalty to Justin Schultz for Cross-checking.
17:32 of 3rd period - Jordan Staal wins face-off versus Ryan Kesler in Devils zone.
18:00 of 3rd period - Shot by Alexander Ovechkin.
18:00 of 3rd period - Shot Misses the Net.
18:40 of 3rd period - Shot by Mike Green.
18:40 of 3rd period - Stopped by Jon Gillies without a rebound.
18:41 of 3rd period - Mike Cammalleri wins face-off versus Mathieu Perreault in Devils zone.
18:41 of 3rd period - Mike Cammalleri is hit by Cody Eakin.
19:44 of 3rd period - Shot by Alexander Ovechkin.
19:44 of 3rd period - Stopped by Jon Gillies without a rebound.
19:45 of 3rd period - Ryan Kesler wins face-off versus Pavel Zacha in Devils zone.
19:47 of 3rd period - Taylor Hall is hit by Justin Schultz and loses puck.
Goals for this period are 1 for Capitals vs 0 for Devils.
Shots for this period are 11 for Capitals vs 2 for Devils.